 Dungeon Crawl Stone Soup version 0.28-a0-476-g0f06bd746f (webtiles) character file.

Game seed: 10217020422337052504

0 spiderkeys the Skirmisher (level 1, -4/16 HPs)
             Began as an Octopode Abyssal Knight on Sept 17, 2021.
             Was a Follower of Lugonu.
             Killed by divine providence
             ... invoked by a balrug
              (7 damage)
             ... on level 4 of the Abyss.
             The game lasted 00:01:17 (322 turns).

spiderkeys the Skirmisher (Octopode Abyssal Knight)  Turns: 322, Time: 00:01:18

Health: -4/16      AC:  1    Str: 11    XL:     1   Next: 0%
Magic:  2/2        EV: 13    Int: 14    God:    Lugonu [*.....]
Gold:   11         SH:  0    Dex: 11    Spells: 0/0 levels left

rFire   . . .      SeeInvis .   a - +1 spear
rCold   . . .      Faith    .   (no shield)
rNeg    . . .      Spirit   .   (helmet restricted)
rPois   .          Reflect  .   (no amulet)
rElec   .          Harm     .   (no ring)
rCorr   .          Rampage  .   (no ring)
Will    .....                   (no ring)
Stlth   ++........              (no ring)
HPRegen 0.05/turn               (no ring)
MPRegen 0.08/turn               (no ring)
                                (no ring)
                                (no ring)

@: no status effects
A: almost no armour, amphibious, 8 rings, camouflage 1, gelatinous body 1,
(nimble swimmer 1), tentacles
a: Renounce Religion, Depart the Abyss


You were on level 4 of the Abyss.
You worshipped Lugonu.
Lugonu was aware of your devotion.
You visited 0 branches of the dungeon, and saw 0 of its levels.
You visited the Abyss 1 time.

You collected 11 gold pieces.


Innate Abilities, Weirdness & Mutations

You cannot wear most types of armour.
You are amphibious.
You can wear up to eight rings at the same time.
Your skin changes colour to match your surroundings (Stealth+).
Your rubbery body absorbs attacks. (AC +1, EV +1)
((You are camouflaged near water. (Stealth+)))
You have tentacles for arms and can constrict up to eight enemies at once.


   Skills:
 + Level 3.0 Fighting
 + Level 2.0 Polearms
 + Level 2.3 Dodging
 + Level 2.0 Invocations


You couldn't memorise any spells.
You didn't know any spells.
Your spell library was empty.

Inventory:

Hand Weapons
 a - a +1 spear (weapon)

Dungeon Overview and Level Annotations

Branches:
Dungeon (0/15)

Altars:

.#. .. ## ..##
.# .#. .## . ..
##.. .. .. #.#
#...#$###...
#.#
#...........
..# #@...#
#.#####...#....
# #...#..1..##
#..##.##......
...#.....
.#.#.. #
###...#..2.#'
#. #.......#*G
#.....#......
####...###..##


You could see a balrug, a wretched star, an Executioner (fast) and a golden eye.


Message History

🤖 Initializing magus.rc ...
Options error: Delay interrupt name "hungry" not recognised. (~/.crawlrc:4988) ✅ Successfully initialized magus.rc [v1.9.10] Welcome, spiderkeys the Octopode Abyssal Knight.
The bosom of this dungeon contains the fabulous artefact, the Orb of Zot.
Lugonu says: Depart the Abyss and spread corruption, my servant! (use the ability menu to exit the Abyss) Press ? for a list of commands and other information.
Found a corrupted altar of Lugonu.
You now have 11 gold pieces.
There is a corrupted altar of Lugonu here.
Found a gateway leading deeper into the Abyss.
Found a gateway leading out of the Abyss.
There is a gateway leading deeper into the Abyss here.
There is a gateway leading deeper into the Abyss here.
You plunge deeper into the Abyss.
You open the door.
There is an open door here.
You open the large door.
There is a large open door here.
You open the huge gate.
Found a gateway leading deeper into the Abyss.
There is a huge open gate here.
There is a gateway leading deeper into the Abyss here.
You open the door. You open the door.
There is an open door here.
You open the large door.
There is an open door here.
There is a gateway leading deeper into the Abyss here.
You plunge deeper into the Abyss.
The abyssal rune of Zot can be found at this depth.
You open the door.
There is an open door here.
A quasit comes into view.
There is an open door, spattered with blood here.
You open the door.
There is an open door, spattered with blood here.
You open the door.
There is an open door here.
A starcursed mass comes into view.
A starcursed mass splits.
A starcursed mass splits.
A starcursed mass splits.
A chorus of shrieks assaults your mind. 😮 HP[-5]
You take 5 damage, and now have 11/16 hp.
MASSIVE DAMAGE!! (PAUSE)
A starcursed mass splits.
A tentacled starspawn comes into view. 😮 HP[+1] 😕 HP[+1]
Found a gateway leading deeper into the Abyss.
There is a gateway leading deeper into the Abyss here.
You plunge deeper into the Abyss.
The abyssal rune of Zot can be found at this depth.
A tentacled starspawn comes into view. 😕 HP[+1] Tentacles burst from the starspawn's body! 2 starspawn tentacles come into view.
A balrug comes into view.
It is wielding a +2 demon whip of freezing.
The balrug shouts!
You hear a screech!
The balrug gestures at you. Something smites you!
Ouch! That really hurt!
* * * LOW HITPOINT WARNING * * *
An Executioner comes into view. 😱 HP[-12]
You take 12 damage, and now have 2/16 hp.
MASSIVE DAMAGE!! (PAUSE) 😱 HP[+1]
A golden eye comes into view.
The Executioner gives a hideous shriek!
The Executioner gestures.
The Executioner seems to speed up.
The balrug gestures at you. Something smites you!
You die...

Levels and vault maps discovered:
Abyss:4:  base: Temple, evilmike_abyss_exit_2, minivault_13,
          evilmike_abyss_exit_2, minivault_13, evilmike_abyss_exit_4,
          hangedman_abyss_or_decor_stabs, nicolae_abyss_rune_star_stuff

Notes
Turn   | Place    | Note
-------+----------+-------------------------------------------
     0 | Abyss:1  | spiderkeys the Octopode Abyssal Knight began the quest for
                  | the Orb.
     0 | Abyss:1  | Reached XP level 1. HP: 16/16 MP: 2/2
     0 | Abyss:1  | magus.rc [v1.9.10]
    53 | Abyss:1  | Found a corrupted altar of Lugonu.
   198 | Abyss:3  | Noticed a quasit
   240 | Abyss:3  | Noticed a starcursed mass
   254 | Abyss:3  | Noticed a tentacled starspawn
   297 | Abyss:4  | Noticed a tentacled starspawn
   319 | Abyss:4  | Noticed a balrug
   319 | Abyss:4  | Noticed a wretched star
   319 | Abyss:4  | HP: 2/16 [balrug/divine providence (12)]
   319 | Abyss:4  | Noticed an Executioner
   321 | Abyss:4  | Noticed a golden eye
   322 | Abyss:4  | Killed from afar by a balrug

Vanquished Creatures (others)
  2 starspawn tentacles (Abyss:4)
2 creatures vanquished.

Table legend:
 A = Non-vault XP
 B = Vault XP
 C = Vault XP percentage of total XP
 D = Non-vault monster count
 E = Vault monster count
 F = Vault count percentage of total count
                 A         B        C        D         E       F
            +---------+---------+-------+---------+---------+-------
      Total |       0 |       0 |   N/A |       0 |       0 |  -nan
            +---------+---------+-------+---------+---------+-------
            +---------+---------+-------+---------+---------+-------

Illustrated notes

Table legend: (Time is in decaauts)
 A = Elapsed time spent in this place.
 B = Non-inter-level travel time spent in this place.
 C = Inter-level travel time spent in this place.
 D = Time resting spent in this place.
 E = Time spent auto-exploring this place.
 F = Levels seen in this place.
 G = Mean time per level.
                   A        B        C        D        E       F      G
               +--------+--------+--------+--------+--------+-----+--------+
         Total |    321 |    321 |      0 |      0 |     79 |   4 |   80.2 |
         Abyss |    321 |    321 |      0 |      0 |     79 |   4 |   80.2 |
               +--------+--------+--------+--------+--------+-----+--------+

Top non-repeatable levels by time:
 Abyss:1: 100 daAuts
 Abyss:2: 93 daAuts
 Abyss:3: 93 daAuts
 Abyss:4: 33 daAuts
